 Dungeon Crawl Stone Soup version 0.30-a0-626-gd6a5dd7a1f (webtiles) character file.

Game seed: 13580319484898124

1582038 ragingrage the Slayer (level 27, 208/226 HPs)
             Began as a Djinni Fighter on Jan 10, 2023.
             Was a High Priest of Ashenzari.
             Escaped with the Orb
             ... and 3 runes on Jan 11, 2023!
             The game lasted 03:27:04 (75850 turns).

ragingrage the Slayer (Djinni Fighter)             Turns: 75850, Time: 03:27:04

Health: 208/226    AC: 38    Str: 17    XL:     27
Gold:   4474       EV: 22    Int: 30    God:    Ashenzari [*****.] SH: 19 Dex: 15

rFire   + + +      SeeInvis +    a - +9 demon trident (elec)
rCold   + + +      Faith    .    P - +2 kite shield "Thunder Perfect Mind" {rC+ rF+, Cun, Evo} (curse)
rNeg    + + +      Spirit   .    e - +9 ring mail of Ashenzari's Adversity {rPois rC++ Regen+, Self, Fort} (curse)
rPois   ∞          Reflect  .    C - +3 crown of Dyrovepreva {rElec Int+2 SInv, Self, Cun} (curse)
rElec   +          Harm     .    G - +0 cloak of Star-Bound Wisdom {rCorr Str+2, Fort, Cun} (curse)
rCorr   +          Rampage  .    H - +0 pair of gloves of the Mantic Burden {Melee, Self} (curse)
Will    +++..      Clarity  +    (boots unavailable)
Stlth   +++                      u - amulet "Revealing Pessimism" {Regen+, Cun, Fort} (curse)
HPRegen 2.17/turn                R - ring of the Tortoise {AC+8, Self, Fort} (curse)
MPRegen 0.00/turn                y - ring "Share My Yoke" {Int+6, Fort, Cun} (curse)

@: lich-form, calling dragons, flying, studying Short Blades
A: draining attack, torment immunity, no potions, flying, sickness immunity,
fire resistance 2, cold vulnerability 1, float, innate caster, HP casting, extra
vitality 1
0: Orb of Zot
}: 3/15 runes: decaying, serpentine, slimy
a: End Transformation, Renounce Religion, Curse Item, Shatter the Chains


You escaped.
You worshipped Ashenzari.
Ashenzari was extremely pleased with you.
You were an undead lich.
You visited 11 branches of the dungeon, and saw 52 of its levels.
You also visited: Ossuary, Bailey, Ice Cave, Volcano, Wizlab and Desolation.

You collected 6219 gold pieces.
You spent 1745 gold pieces at shops.

Inventory:

Hand Weapons
 a - a +9 demon trident of electrocution (weapon)
 b - the +0 falchion "Wam Fousch" {heavy, rElec Int+8}
   (You bought it in a shop on level 3 of the Vaults)

   Int:       It affects your intelligence (+8).
   rElec:     It insulates you from electricity.
Missiles
 t - 5 throwing nets
 F - 17 curare-tipped darts
Armour
 e - the cursed +9 ring mail of Ashenzari's Adversity (worn) {rPois rC++ Regen+, Self, Fort}
   (You found it on level 2 of the Depths)

   rC:        It greatly protects you from cold.
   rPois:     It protects you from poison.
   Regen:     It increases your rate of health regeneration.
   It has a curse which improves the following skills: Introspection: Fighting
   and Spellcasting.
   Fortitude: Armour and Shields.
 h - the +18 shield of the Gong {rElec rN+ Will+ EV-5}
   (You acquired it on level 1 of the Lair of Beasts)

   It is deafeningly noisy when blocking attacks.
   EV:        It affects your evasion (-5).
   rElec:     It insulates you from electricity.
   rN:        It protects you from negative energy.
   Will:      It increases your willpower.
 C - the cursed +3 crown of Dyrovepreva (worn) {rElec Int+2 SInv, Self, Cun}
   (You found it on level 3 of the Elven Halls)

   Int:       It affects your intelligence (+2).
   rElec:     It insulates you from electricity.
   SInv:      It lets you see invisible.
   It has a curse which improves the following skills: Introspection: Fighting
   and Spellcasting.
   Cunning:   Dodging and Stealth.
 G - the cursed +0 cloak of Star-Bound Wisdom (worn) {rCorr Str+2, Fort, Cun}
   (You found it in a wizard's laboratory)

   Str:       It affects your strength (+2).
   rCorr:     It protects you from acid and corrosion.
   It has a curse which improves the following skills: Fortitude: Armour and
   Shields.
   Cunning:   Dodging and Stealth.
 H - the cursed +0 pair of gloves of the Mantic Burden (worn) {Melee, Self}
   (You found it on level 11 of the Dungeon)

   It has a curse which improves the following skills: Melee Combat: Short
   Blades, Long Blades, Axes, Maces & Flails, Polearms, Staves and Unarmed
   Combat.
   Introspection: Fighting and Spellcasting.
 P - the cursed +2 kite shield "Thunder Perfect Mind" (worn) {rC+ rF+, Cun, Evo}
   (You took it off a naga warrior on level 4 of the Snake Pit)

   It has a curse which improves the following skills: Cunning: Dodging and
   Stealth.
   Evocations: Evocations.
Jewellery
 u - the cursed amulet "Revealing Pessimism" (around neck) {Regen+, Cun, Fort}
   (You found it on level 5 of the Pits of Slime)

   [amulet of regeneration]

   Regen:     It increases your rate of health regeneration.
   It has a curse which improves the following skills: Cunning: Dodging and
   Stealth.
   Fortitude: Armour and Shields.
 y - the cursed ring "Share My Yoke" (right hand) {Int+6, Fort, Cun}
   (You found it on level 8 of the Dungeon)

   [ring of intelligence]

   Int:       It affects your intelligence (+6).
   It has a curse which improves the following skills: Fortitude: Armour and
   Shields.
   Cunning:   Dodging and Stealth.
 R - the cursed ring of the Tortoise (left hand) {AC+8, Self, Fort}
   (You took it off a deep elf demonologist on level 3 of the Elven Halls)

   [ring of protection]

   AC:        It affects your AC (+8).
   It has a curse which improves the following skills: Introspection: Fighting
   and Spellcasting.
   Fortitude: Armour and Shields.
Wands
 k - a wand of flame (9)
 A - a wand of digging (6)
 E - a wand of mindburst (58)
 J - a wand of iceblast (7)
 N - a wand of polymorph (9)
 T - a wand of paralysis (43)
 V - a wand of quicksilver (13)
Scrolls
 c - 3 scrolls of summoning
 f - 13 scrolls of blinking
 g - 10 scrolls of silence
 j - 7 scrolls of poison
 l - 5 scrolls of immolation
 n - 18 scrolls of teleportation
 q - 8 scrolls of fear
 s - 6 scrolls of fog
 w - 2 scrolls of magic mapping
 B - a scroll of enchant armour
Potions
 d - 11 potions of might
 i - 10 potions of brilliance
 o - 9 potions of haste
 p - 8 potions of attraction
 r - 3 potions of resistance
 v - 4 potions of berserk rage
 z - 11 potions of mutation
 I - 5 potions of ambrosia
 K - 22 potions of curing
 M - 9 potions of heal wounds
 O - 2 potions of cancellation
 Q - 4 potions of lignification
 U - 6 potions of invisibility
Miscellaneous
 m - a tin of tremorstones (2/2)
 D - a phial of floods
 W - a box of beasts
 Z - a phantom mirror


   Skills:
 - Level 21.7(26.8) Fighting
 - Level 12.0(14.8) Short Blades
 - Level 6.1(11.4) Long Blades
 * Level 10.9(13.2) Polearms
 - Level 9.6(16.0) Armour
 - Level 16.7(23.0) Dodging
 - Level 13.6(20.0) Stealth
 - Level 18.8(25.0) Shields
 + Level 19.2(24.4) Spellcasting
 - Level 15.8(18.0) Evocations


You had 2 spell levels left.
You knew the following spells:

 Your Spells              Type           Power      Damage    Failure   Level
a - Necromutation         Tmut/Necr      67%        N/A       1%          8
b - Death Channel         Necr           67%        N/A       0%          6
c - Dragon's Call         Summ           55%        N/A       6%          9
d - Mephitic Cloud        Conj/Pois/Air  100%       N/A       0%          3
e - Static Discharge      Conj/Air       100%       2-7/arc   0%          2
f - Maxwell's Capacitive  Air            55%        ∞         1%          8
g - Metabolic Englaciati  Hex/Ice        55%        N/A       0%          5
h - Orb of Destruction    Conj           55%        9d14      1%          7
i - Haunt                 Necr/Summ      67%        N/A       1%          7
j - Summon Small Mammal   Summ           100%       N/A       0%          1
k - Monstrous Menagerie   Summ           55%        N/A       1%          7
l - Summon Lightning Spi  Summ/Air       100%       N/A       0%          4
m - Summon Mana Viper     Hex/Summ       100%       N/A       0%          5
Your spell library was empty.

Dungeon Overview and Level Annotations

Branches:
Dungeon (15/15)            Temple (1/1) D:5            Lair (5/5) D:9
  Swamp (4/4) Lair:2        Snake (4/4) Lair:2        Slime (5/5) Lair:5
    Orc (2/2) D:12            Elf (3/3) Orc:2        Vaults (4/5) D:13
  Crypt (0/3) Vaults:3     Depths (4/4) D:15            Zot (5/5) Depths:4
Ossuary (visited)          Bailey (visited)           IceCv (visited)
Volcano (visited)          WizLab (visited)         Desolation (visited)

Altars:
Ashenzari
Cheibriados
Dithmenos
Elyvilon
Fedhas
Gozag
Hepliaklqana
Makhleb
Nemelex Xobeh
Okawaru
Qazlal
Ru
Trog
Uskayaw
Wu Jian
Xom
Yredelemnul
Zin
The Shining One
Jiyva

Shops:
D:8 !   Orc:2 :[=?   Snake:1 *   Snake:2 [?   Snake:4 *   Vaults:3 (
Depths:3 *

Portals:
Hell: Depths:1 Depths:2 Depths:3 Depths:4
Abyss: Depths:1 Depths:3
Pandemonium: Depths:2
Ziggurat: Depths:4

Annotations:
D:7 exclusion: downstairs
D:10 1 runed translucent door
Snake:1 exclusion: downstairs
Depths:2 exclusion: downstairs


Innate Abilities, Weirdness & Mutations

You are an undead lich.
Your unarmed attacks are suffused with negative energy.
You are immune to unholy pain and torment.
Your necromantic spells are more powerful.
You cannot drink.
You are flying.
You are immune to sickness and miasma.
You are immune to poison.
Your flesh is very heat resistant. (rF++)
You are vulnerable to cold. (rC-)
You float through the air rather than walking.
You learn spells naturally, not from books.
Your magical power is your life essence.
You have superior vitality. (+4 MHP)


Message History

Where to? (Enter - D:1 @ (x,y), ? - help) HP restored.
There is a stone staircase leading up here.
You fly upwards.
There is a stone staircase leading down here.
There is a stone staircase leading up here.
You fly upwards.
There is a stone staircase leading down here.
A soul eater comes into view.
A soul eater is nearby!
Aiming: Dig
Press: ? - help, Shift-Dir - straight line A rock wall.
This square is covered in magical glow.
The rock shatters into small pieces.
Aiming: Dig
Press: ? - help, Shift-Dir - straight line A rock wall.
This square is covered in magical glow.
The rock shatters into small pieces.
There is a staircase leading out of the dungeon here.
Casting: Dragon's Call (dangerous; 6% risk of failure)
Confirm with . or Enter, or press ? or * to list all spells.
You call out to the draconic realm, and the dragon horde roars back!
A dragon arrives to answer your call!
Your golden dragon breathes cold at the soul eater.
The bolt of cold misses the soul eater.
Casting: Dragon's Call (dangerous; 6% risk of failure)
Confirm with . or Enter, or press ? or * to list all spells.
Your body is suffused with negative energy!
A dragon arrives to answer your call! A dragon arrives to answer your call!
Your iron dragon bites the soul eater but does no damage.
Your iron dragon claws the soul eater!!
Your iron dragon tramples the soul eater!
The soul eater holds its ground!
Your quicksilver dragon breathes dispelling energy at the soul eater.
The bolt of dispelling energy hits the soul eater!
The soul eater closely misses your quicksilver dragon.
You have escaped!

#####.#..#
#∩.....∩##.#######.#
#...## ##.....∩#.## #.#
#.### #.....∩.## ###.#
#..# ##......## #..3) ##.#
#......## #.#.. #.##
###...## #.#.# #..# #DD.#
#.... ##.## #3D## ###.#
#..#### #L## ##### #.#
##....############...###.#
####.........#....#.....#
#########...####.###.#
##### #.###>. #....##
##..#.## #...#... #.###.#.


You could see a soul eater (distracted, ally target), a friendly iron dragon
(summoned), a friendly golden dragon (summoned, catching breath) and a friendly
quicksilver dragon (summoned, catching breath).

Vanquished Creatures
  the Royal Jelly (Slime:5)
  Dissolution (Slime:3)
  2 dread liches (Zot:5)
  6 orbs of fire
  Tiamat (Zot:4)
  2 ancient liches
  Mara (Depths:2)
  A juggernaut (Depths:4)
  Josephina (Depths:2)
  Parghit (Zot:2)
  9 Killer Klowns
  Xtahua (Vaults:4)
  A curse toe (Zot:3)
  Nikola (Elf:3)
  7 golden dragons
  An electric golem (Zot:5)
  15 tentacled monstrosities
  Jorgrun (Orc:2)
  Zenata (Vaults:4)
  2 deep elf blademasters (Elf:3)
  A walking earthen tome (Depths:2)
  2 liches
  Asterion (Depths:2)
  8 Orb Guardians (Zot:5)
  A titan (Depths:3)
  5 acid blobs
  5 quicksilver dragons
  2 deep elf master archers (Elf:3)
  Agnes (D:14)
  An eldritch tentacle (WizLab)
  3 sphinxes
  A thorn hunter (Swamp:4)
  5 storm dragons
  9 death cobs
  4 tengu reavers
  7 shadow dragons
  A fenstrider witch (Swamp:2)
  6 azure jellies (Slime:5)
  2 draconian monks
  2 nagarajas (Snake:4)
  A revenant (Vaults:3)
  7 fire giants
  2 deep elf sorcerers
  Aizul (Lair:2)
  4 frost giants
  2 vault wardens
  2 draconian stormcallers
  A ghost moth (Zot:2)
  5 draconian scorchers
  2 draconian shifters
  2 iron dragons (Depths:2)
  5 ironbound preservers
  A juggernaut zombie (Depths:1)
  2 deep elf elementalists
  4 draconian annihilators
  2 ironbound thunderhulks
  7 quicksilver oozes (Slime:5)
  A war gargoyle (Vaults:3)
  7 very ugly things
  3 green draconians
  4 stone giants
  A cacodemon (WizLab)
  5 deep elf demonologists
  2 demonspawn black suns (Zot:4)
  A vampire knight (Depths:4)
  6 white draconians
  6 red draconians
  10 purple draconians
  3 deep elf annihilators (Elf:3)
  9 black draconians
  3 bunyips
  2 halazid warlocks (Desolation)
  4 yellow draconians
  3 dire elephants
  Snorg (D:10)
  5 crystal guardians
  6 deep elf death magi
  6 fire dragons
  2 blizzard demons
  The ghost of yumyumyeen the Cleaver, a journeyman DsBe of Trog (D:10)
  4 ettins
  2 deep elf high priests (Elf:3)
  2 yaktaur captains
  A ragged hierophant (Desolation)
  A rakshasa (Depths:2)
  6 ice dragons
  A caustic shrike simulacrum (Depths:2)
  A hell beast (Depths:2)
  4 great orbs of eyes
  2 servants of whispers (Desolation)
  4 peacekeepers (Desolation)
  2 salamander tyrants
  Erica (D:8)
  2 spriggan air magi
  A vault guard (Vaults:2)
  9 anacondas
  A centaur warrior (D:13)
  An ironbound frostheart (Vaults:2)
  3 hydras
  6 deep troll shamans
  A death knight (D:13)
  6 alligators
  A boulder beetle (Lair:3)
  17 dancing weapons
  5 two-headed ogres
  2 naga warriors
  2 thrashing horrors (WizLab)
  10 tengu warriors
  5 shock serpents
  3 spriggan berserkers
  6 naga sharpshooters
  5 deep troll earth magi
  4 orc high priests (Orc:2)
  8 hell knights
  15 deep elf knights
  Nergalle (D:10)
  3 soul eaters
  3 iron trolls
  2 salamander mystics
  A shadow wraith (WizLab)
  A swamp dragon (Swamp:1)
  23 deep trolls
  3 spriggan druids (Swamp:4)
  2 flayed ghosts
  A deep elf archer (Elf:2)
  A naga ritualist (Snake:2)
  4 spriggan simulacra (IceCv)
  An orange crystal statue (Elf:3)
  An obsidian statue (IceCv)
  A glowing orange brain (Depths:4)
  A phantasmal warrior (D:13)
  3 ironbound convokers
  A bog body (Swamp:1)
  5 lindwurms
  5 orc knights
  A wizard (Vaults:2)
  5 mana vipers
  11 deep elf pyromancers
  14 deep elf zephyrmancers
  12 ugly things
  A necromancer (Depths:2)
  A manticore (D:13)
  A worldbinder (WizLab)
  5 cyclopes
  10 elephants
  16 salamanders
  A guardian serpent (shapeshifter) (D:13)
  7 moths of wrath
  14 black mambas
  5 vault sentinels
  3 naga magi
  An apocalypse crab (WizLab)
  2 centaur zombies (D:10)
  3 guardian serpents
  2 cane toads
  3 torpor snails (Lair:5)
  An efreet (D:14)
  An unseen horror zombie (D:10)
  5 komodo dragons
  An unseen horror (D:12)
  2 kobold demonologists
  3 tengu conjurers (Depths:4)
  2 nameless horrors
  3 yaktaurs
  An ice devil (IceCv)
  A freezing wraith (IceCv)
  A merfolk (shapeshifter) (Elf:2)
  17 saltlings (Desolation)
  8 polar bears (Lair:5)
  3 trolls
  3 hellwings
  4 tyrant leeches
  Grinder (D:4)
  8 blink frogs
  3 raiju (Lair:5)
  7 hornets
  2 fire giant simulacra (Depths:2)
  14 slime creatures
  A jumping spider (Vaults:1)
  A culicivora (Vaults:1)
  An air elemental (Elf:1)
  A culicivora (shapeshifter) (D:15)
  A fire elemental (WizLab)
  A shadow (D:9)
  4 spriggans
  3 wraiths
  A wyvern (shapeshifter) (Elf:2)
  7 water elementals
  Grum (D:9)
  2 vampires
  Eustachio (D:3)
  2 basilisks
  6 wyverns
  20 yaks
  A yak (shapeshifter) (Elf:3)
  A steam dragon (D:8)
  A redback (Vaults:2)
  3 minotaur simulacra (IceCv)
  16 vampire mosquitoes
  A chaos spawn (Depths:2)
  14 nagas
  2 spatial vortices (WizLab)
  5 swamp worms
  10 hell hounds
  7 water moccasins
  5 wargs
  3 acid dragons
  21 orc warriors
  2 ice beasts
  2 ettin simulacra (IceCv)
  8 black bears
  A boggart (D:15)
  A tengu (shapeshifter) (D:15)
  6 centaurs
  17 wolves
  2 ogres
  3 kobold brigands
  4 bullfrogs
  2 gnoll sergeants
  A glowing shapeshifter simulacrum (Depths:2)
  6 necrophages
  2 scorpions (D:5)
  3 deep troll simulacra (IceCv)
  3 water moccasin zombies (Ossuary)
  5 wights
  13 killer bees
  An electric eel (Lair:3)
  2 howler monkeys
  3 hounds
  7 jellies
  A gnoll bouda (D:6)
  A human zombie (D:10)
  16 orc priests
  4 iguanas
  14 orc wizards
  2 mummies (Ossuary)
  Robin (D:4)
  11 gnolls
  7 adders
  An ufetubus (D:7)
  7 adder zombies (Ossuary)
  A worm (D:4)
  2 dart slugs
  46 orcs
  2 ball pythons
  6 endoplasms
  8 giant cockroaches
  10 goblins
  8 hobgoblins
  3 jackals (D:2)
  20 kobolds
  10 quokkas
  5 bats
  3 frilled lizards
  4 gnoll zombies (Ossuary)
  7 hobgoblin zombies (Ossuary)
  5 kobold zombies (Ossuary)
  3 orc zombies (Ossuary)
  5 rats
1130 creatures vanquished.

Vanquished Creatures (collateral kills)
  Boris (Vaults:3)
  2 Killer Klowns
  Saint Roka (Vaults:1)
  4 golden dragons
  A lich (D:10)
  3 tentacled monstrosities
  An electric golem (Zot:5)
  An Ice Fiend (Zot:1)
  A deep elf blademaster (Elf:3)
  Mlioglotl (Swamp:1)
  19 Orb Guardians
  A walking divine tome (Depths:3)
  Gastronok (D:9)
  4 quicksilver dragons
  12 acid blobs
  A tentacled starspawn (WizLab)
  5 death cobs
  5 sphinxes
  Donald (Swamp:1)
  2 shadow dragons
  A draconian monk (Zot:5)
  4 thorn hunters (Swamp:4)
  2 tengu reavers
  6 storm dragons
  5 fire giants
  2 azure jellies (Slime:2)
  A fenstrider witch (Swamp:1)
  2 rockslimes (Slime:5)
  4 nagarajas
  A draconian knight (Zot:1)
  A ghost moth (Zot:5)
  2 deep elf sorcerers (Elf:3)
  5 vault wardens
  2 draconian scorchers (Zot:4)
  7 frost giants
  3 draconian shifters
  2 imperial myrmidons (Desolation)
  3 draconian annihilators
  10 ironbound preservers
  2 ironbound thunderhulks
  A deep elf elementalist (Elf:3)
  A quicksilver ooze (Slime:3)
  6 very ugly things
  2 war gargoyles
  A vampire knight (Depths:4)
  3 stone giants
  3 eleionomae
  5 black draconians
  A deep elf demonologist (Elf:3)
  A demonspawn black sun (Zot:4)
  2 green draconians (Zot:4)
  4 purple draconians
  4 dire elephants
  3 white draconians
  4 yellow draconians
  3 red draconians
  2 bunyips
  2 deep elf annihilators (Elf:3)
  4 spark wasps
  3 blizzard demons
  3 ettins
  2 deep elf death magi (Elf:3)
  6 yaktaur captains
  A merfolk javelineer (Depths:3)
  An ettin (shapeshifter) (Depths:3)
  2 ragged hierophants (Desolation)
  4 entropy weavers
  A fire dragon (Depths:2)
  2 ice dragons
  A rakshasa (Depths:2)
  A deep elf high priest (Elf:3)
  Harold (D:11)
  2 spriggan air magi (Depths:4)
  3 great orbs of eyes
  2 servants of whispers (Desolation)
  Fannar (D:12)
  5 vault guards (Vaults:1)
  A nameless horror (Zot:5)
  3 ghost crabs
  A salamander tyrant (Depths:4)
  15 hydras
  An ogre mage (D:10)
  A catoblepas (Lair:5)
  7 centaur warriors
  4 ironbound frosthearts
  6 peacekeepers
  A hell beast (Depths:2)
  11 dancing weapons
  4 anacondas
  3 boulder beetles
  2 two-headed ogres
  2 deep troll shamans
  5 alligators
  A thrashing horror (WizLab)
  10 naga warriors
  An orc high priest (Orc:2)
  3 spriggan berserkers
  4 tengu warriors
  15 naga sharpshooters
  4 shock serpents
  8 spriggans
  13 deep elf knights
  2 hell knights
  A skeletal warrior (D:10)
  7 salamander mystics
  6 goliath frogs
  A sixfirhy (D:10)
  A quicksilver dragon simulacrum (Depths:2)
  2 spriggan druids (Swamp:4)
  8 swamp dragons
  A glowing orange brain (Vaults:1)
  A lindwurm (shapeshifter) (Vaults:4)
  43 deep trolls
  A bog body (IceCv)
  A flayed ghost (Depths:3)
  4 spriggan simulacra (IceCv)
  3 naga ritualists
  7 orc knights
  13 ironbound convokers
  9 lindwurms
  An obsidian statue (WizLab)
  2 wizards
  14 deep elf pyromancers
  4 necromancers
  7 deep elf archers
  14 deep elf zephyrmancers
  An orc sorcerer (Vaults:1)
  A mana viper (Snake:4)
  26 ugly things
  5 cyclopes
  3 shining eyes
  9 moths of wrath
  A fire giant zombie (Vaults:2)
  A worldbinder (WizLab)
  8 elephants
  8 salamanders
  3 will-o-the-wisps
  A manticore (D:11)
  24 black mambas
  5 guardian serpents
  8 naga magi
  A molten gargoyle (Desolation)
  A stone giant skeleton (Depths:1)
  7 vault sentinels
  5 cane toads
  A smoke demon (Zot:1)
  2 eyes of devastation
  A demonic crawler (WizLab)
  2 torpor snails (Lair:5)
  An unseen horror (shapeshifter) (Elf:3)
  A freezing wraith (D:14)
  2 rime drakes
  A demonspawn skeleton (WizLab)
  12 yaktaurs
  2 komodo dragons
  7 ice devils (IceCv)
  An ancient zyme (WizLab)
  4 trolls
  6 tyrant leeches
  A bloated husk (Swamp:2)
  2 polar bears
  9 hornets
  15 saltlings (Desolation)
  7 blink frogs
  An ettin zombie (Depths:1)
  A shadow (D:11)
  A centaur simulacrum (D:15)
  61 slime creatures
  8 water elementals
  A vampire (D:10)
  5 basilisks
  An air elemental (Elf:1)
  3 culicivoras
  A ynoxinul (Zot:1)
  A dire elephant simulacrum (IceCv)
  An elf skeleton (Vaults:2)
  14 yaks
  2 wyverns
  A fire elemental (Elf:1)
  4 small abominations (WizLab)
  A chaos spawn (D:10)
  6 minotaur simulacra (IceCv)
  3 redbacks
  24 nagas
  A neqoxec (D:15)
  6 vampire mosquitoes
  A spatial vortex (WizLab)
  A harpy simulacrum (IceCv)
  10 swamp worms
  An acid dragon (D:10)
  An acid dragon (shapeshifter) (D:15)
  5 wargs
  4 hell hounds
  A floating eye (Depths:1)
  A hydra simulacrum (IceCv)
  5 water moccasins
  23 orc warriors
  9 swamp drakes (Swamp:4)
  An alligator simulacrum (IceCv)
  7 black bears
  2 ogres
  9 wolves (Lair:5)
  3 centaurs
  2 boggarts (WizLab)
  6 kobold brigands
  An earth elemental (Elf:1)
  6 bullfrogs
  4 deep troll simulacra (IceCv)
  A hornet simulacrum (D:10)
  3 wights (D:9)
  3 lindwurm simulacra (IceCv)
  4 human simulacra
  2 jellies (Lair:5)
  15 orc priests
  2 orc wizards (D:9)
  A boggart simulacrum (D:10)
  2 gnolls (D:11)
  40 orcs
  A goblin (D:10)
  2 hobgoblins (D:10)
  5 kobolds
  A starspawn tentacle (WizLab)
1031 creatures vanquished.

Vanquished Creatures (others)
  A tentacled monstrosity (Zot:5)
  A fire giant (Depths:1)
  A yellow draconian (Zot:4)
  A hell hog (Volcano)
  A deep elf pyromancer (Elf:1)
  A black mamba (Snake:4)
  2 bloated husks
  A saltling (Desolation)
  A slime creature (Slime:4)
  A black bear (Lair:5)
  A centaur (Volcano)
  An orc priest (Orc:2)
  15 foxfires
  18 fungi
  A lurking horror (Slime:4)
  3 pillars of salt (Desolation)
  63 plants
  A withered plant (Desolation)
114 creatures vanquished.

Grand Total: 2275 creatures vanquished

Notes
Turn   | Place    | Note
-------+----------+-------------------------------------------
     0 | D:1      | ragingrage the Djinni Fighter began the quest for the Orb.
     0 | D:1      | Reached XP level 1. HP: 20/20 MP: 0/0
   230 | D:1      | Reached XP level 2. HP: 25/25 MP: 0/0
   389 | D:1      | Reached XP level 3. HP: 30/30 MP: 0/0
   389 | D:1      | Learned a level 1 spell: Summon Small Mammal
   458 | D:1      | Found a faded altar of an unknown god.
   768 | D:2      | Reached XP level 4. HP: 34/35 MP: 0/0
   908 | D:2      | Reached skill level 1 in Spellcasting
  1398 | D:3      | Reached XP level 5. HP: 38/40 MP: 0/0
  1398 | D:3      | Learned a level 2 spell: Static Discharge
  2158 | D:4      | Noticed Robin
  2199 | D:4      | Noticed Eustachio
  2316 | D:4      | Reached XP level 6. HP: 34/46 MP: 0/0
  2709 | D:4      | Reached skill level 5 in Long Blades
  2709 | D:4      | Reached XP level 7. HP: 46/50 MP: 0/0
  2709 | D:4      | Learned a level 3 spell: Mephitic Cloud
  2906 | D:5      | Entered Level 5 of the Dungeon
  2906 | D:5      | Found a staircase to the Ecumenical Temple.
  2913 | Temple   | Entered the Ecumenical Temple
  3807 | D:5      | Reached skill level 1 in Short Blades
  3817 | D:5      | Reached skill level 1 in Stealth
  4258 | D:5      | Reached XP level 8. HP: 39/56 MP: 0/0
  5401 | D:6      | Found a shimmering altar of Xom.
  6532 | D:4      | Noticed Grinder
  6549 | D:4      | Paralysed by something for 5 turns
  6923 | D:6      | Reached XP level 9. HP: 49/60 MP: 0/0
  6923 | D:6      | Learned a level 4 spell: Summon Lightning Spire
  7278 | D:7      | Noticed a nameless horror
  7384 | D:7      | Killed a nameless horror
  7623 | D:7      | Found a sand-covered staircase.
  7632 | Ossuary  | Entered an ossuary
  7771 | Ossuary  | Reached skill level 5 in Spellcasting
  8896 | D:7      | Reached skill level 5 in Short Blades
  8896 | D:7      | Reached skill level 5 in Stealth
  9015 | D:4      | Found a snail-covered altar of Cheibriados.
  9021 | D:4      | Found an opulent altar of Gozag.
  9025 | D:4      | Found a glowing silver altar of Zin.
  9026 | D:4      | Found a hazy altar of Hepliaklqana.
  9029 | D:4      | Found a broken altar of Ashenzari.
  9030 | D:4      | Found a stormy altar of Qazlal.
  9032 | D:4      | Found a sacrificial altar of Ru.
  9034 | D:4      | Became a worshipper of Ashenzari the Shackled
  9036 | D:4      | Found a bloodstained altar of Trog.
  9081 | D:3      | Killed Eustachio
  9082 | D:3      | Reached skill level 4 in Fighting
  9213 | D:4      | Killed Robin
  9385 | D:4      | Found a bloodstained altar of Trog.
  9388 | D:4      | Found a sacrificial altar of Ru.
  9393 | D:4      | Found a stormy altar of Qazlal.
  9394 | D:4      | Found a broken altar of Ashenzari.
  9397 | D:4      | Found a hazy altar of Hepliaklqana.
  9399 | D:4      | Found a glowing silver altar of Zin.
  9401 | D:4      | Found an opulent altar of Gozag.
  9404 | D:4      | Found a snail-covered altar of Cheibriados.
  9732 | D:4      | Paralysed by Grinder for 2 turns
  9737 | D:4      | Paralysed by Grinder for 4 turns
  9759 | D:4      | Killed Grinder
 10173 | D:8      | Found Iddoolli's Distillery.
 10177 | D:8      | Bought a potion of haste for 120 gold pieces
 10177 | D:8      | Bought a potion of heal wounds for 60 gold pieces
 10177 | D:8      | Bought 2 potions of curing for 72 gold pieces
 10177 | D:8      | Bought a potion of lignification for 36 gold pieces
 10254 | D:8      | Noticed Erica
 10261 | D:8      | Reached XP level 10. HP: 43/69 MP: 0/0
 10263 | D:8      | Killed Erica
 10264 | D:8      | Reached skill level 5 in Fighting
 10844 | D:9      | Reached skill level 6 in Fighting
 11232 | D:9      | Noticed a kobold demonologist
 11380 | D:9      | Found a staircase to the Lair.
 11435 | D:9      | Killed a kobold demonologist
 11436 | D:9      | Reached XP level 11. HP: 76/78 MP: 0/0
 11436 | D:9      | Learned a level 5 spell: Summon Mana Viper
 11892 | D:9      | Noticed Grum
 11916 | D:9      | Noticed Gastronok
 11917 | D:9      | Killed Grum
 12180 | D:10     | Entered Level 10 of the Dungeon
 12260 | D:10     | Found a runed translucent door.
 12262 | D:10     | Reached * piety under Ashenzari
 12291 | D:10     | Noticed a skeletal warrior
 12291 | D:10     | Noticed a centaur warrior
 12291 | D:10     | Noticed a lich
 12291 | D:10     | Noticed an ogre mage
 12292 | D:10     | Noticed yumyumyeen's ghost (journeyman DsBe)
 12294 | D:10     | Noticed a necromancer
 12298 | D:10     | Found a runed translucent door.
 12349 | D:10     | Found a flagged portal.
 12407 | Bailey   | Entered a bailey
 12478 | Bailey   | Reached skill level 7 in Fighting
 12624 | Bailey   | Identified the +1 chain mail "Ythriosa" {rElec rN+ Int+2
                  | Dex-2}
 12937 | Bailey   | Found a bloodstained altar of Trog.
 13212 | D:10     | Noticed Snorg
 13231 | D:10     | Killed Snorg
 13264 | D:10     | Noticed Nergalle
 13884 | D:10     | Killed Nergalle
 14104 | D:9      | Reached XP level 12. HP: 75/86 MP: 0/0
 14198 | D:9      | Killed Gastronok
 14199 | D:9      | Reached skill level 8 in Fighting
 14199 | D:9      | Reached skill level 1 in Dodging
 14728 | D:9      | Found an ornate altar of the Wu Jian Council.
 14936 | D:10     | Found a blossoming altar of Fedhas.
 15364 | D:11     | Noticed Harold
 15375 | D:11     | Killed Harold
 16207 | Lair:1   | Entered Level 1 of the Lair of Beasts
 16223 | Lair:1   | Reached skill level 9 in Fighting
 16290 | Lair:1   | Identified a scroll of acquirement
 16324 | Lair:1   | Acquired the +18 shield of the Gong {rElec rN+ Will+ EV-5}
 16324 | Lair:1   | Found the +18 shield of the Gong {rElec rN+ Will+ EV-5}
 17367 | Lair:2   | Found a staircase to the Snake Pit.
 17404 | Lair:2   | Found a staircase to the Swamp.
 17739 | Lair:2   | Reached skill level 10 in Fighting
 17739 | Lair:2   | Reached XP level 13. HP: 90/96 MP: 0/0
 17739 | Lair:2   | Learned a level 5 spell: Metabolic Englaciation
 18374 | Lair:3   | Identified the +7 rapier of ragingrage's Death {spect,
                  | rPois rN++ Int+2}
 18509 | Lair:3   | Reached skill level 1 in Evocations
 18738 | Lair:4   | Reached skill level 11 in Fighting
 19072 | Lair:4   | Reached skill level 10 in Spellcasting
 19154 | Lair:4   | Reached ** piety under Ashenzari
 19636 | Lair:4   | Reached *** piety under Ashenzari
 20100 | Lair:5   | Entered Level 5 of the Lair of Beasts
 20170 | Lair:5   | Found a viscous altar of Jiyva.
 20180 | Lair:5   | Found a staircase to the Slime Pits.
 20321 | Lair:5   | Noticed a catoblepas
 20335 | Lair:5   | Reached XP level 14. HP: 86/112 MP: 0/0
 20350 | Lair:5   | Reached skill level 5 in Evocations
 20360 | Lair:5   | Reached skill level 12 in Fighting
 20557 | Lair:5   | Found a runed translucent door.
 20621 | Lair:5   | Reached skill level 10 in Short Blades
 20854 | Lair:5   | Identified the +5 trident of Hospitality {flame, Fly rC+
                  | MP-9 Dex+4}
 21886 | Lair:5   | Reached skill level 13 in Fighting
 22349 | D:8      | Bought a potion of heal wounds for 60 gold pieces
 22349 | D:8      | Bought a potion of heal wounds for 60 gold pieces
 22349 | D:8      | Bought a potion of brilliance for 48 gold pieces
 22349 | D:8      | Bought a potion of brilliance for 48 gold pieces
 22349 | D:8      | Bought a potion of invisibility for 96 gold pieces
 22943 | D:12     | Reached XP level 15. HP: 99/121 MP: 0/0
 22943 | D:12     | Learned a level 6 spell: Death Channel
 23073 | D:12     | Noticed Fannar
 23091 | D:12     | Killed Fannar
 23195 | D:12     | Found a staircase to the Orcish Mines.
 23216 | Orc:1    | Entered Level 1 of the Orcish Mines
 23368 | Orc:2    | Entered Level 2 of the Orcish Mines
 23450 | Orc:2    | Found a dark tunnel.
 23467 | Volcano  | Entered a volcano
 23936 | Orc:2    | Noticed Jorgrun
 23969 | Orc:2    | Killed Jorgrun
 24274 | Orc:2    | Reached skill level 14 in Fighting
 24593 | Orc:2    | Found Farilyish's Antique Armour Emporium.
 24593 | Orc:2    | Found Qorayfiq's Book Emporium.
 24594 | Orc:2    | Found Wiguss's Magic Scroll Emporium.
 24594 | Orc:2    | Found Alamyg's Jewellery Shoppe.
 24616 | Orc:2    | Bought 3 scrolls of teleportation for 90 gold pieces
 24616 | Orc:2    | Bought a scroll of fog for 40 gold pieces
 24616 | Orc:2    | Bought a scroll of fear for 40 gold pieces
 24616 | Orc:2    | Bought a scroll of enchant armour for 75 gold pieces
 24735 | Orc:2    | Found a staircase to the Elven Halls.
 25959 | D:14     | Noticed Agnes
 25967 | D:14     | Killed Agnes
 26111 | D:14     | Reached XP level 16. HP: 121/130 MP: 0/0
 26674 | D:15     | Entered Level 15 of the Dungeon
 26744 | D:15     | Reached skill level 15 in Fighting
 26745 | D:15     | Found a frozen archway.
 26773 | IceCv    | Entered an ice cave
 28821 | IceCv    | Identified the Precepts of the Lungs
 29976 | IceCv    | Identified the Vellum of the Gastropod
 31592 | D:15     | Found a staircase to the Depths.
 31592 | D:15     | Noticed a frost giant
 31607 | D:15     | Killed a frost giant
 32242 | Snake:1  | Entered Level 1 of the Snake Pit
 32242 | Snake:1  | Noticed Aizul
 32261 | Lair:2   | Reached skill level 5 in Shields
 32267 | Lair:2   | Killed Aizul
 32268 | Lair:2   | Reached skill level 5 in Dodging
 32519 | Snake:1  | Reached XP level 17. HP: 113/139 MP: 0/0
 32519 | Snake:1  | Learned a level 7 spell: Orb of Destruction
 33367 | Snake:1  | Found Fiakaeg's Mayhem Merchandise.
 33819 | Snake:2  | Found Kojaxuf's Armour Shop.
 33825 | Snake:2  | Identified the +8 flail of Buiqapi {spect, Str+5}
 33979 | Snake:2  | Found Agies's Magic Scroll Boutique.
 34030 | Snake:2  | Bought a scroll of blinking for 135 gold pieces
 34030 | Snake:2  | Bought a scroll of enchant armour for 135 gold pieces
 34697 | Snake:3  | Reached skill level 16 in Fighting
 34854 | Snake:3  | Reached XP level 18. HP: 138/148 MP: 0/0
 35134 | Snake:4  | Entered Level 4 of the Snake Pit
 35904 | Snake:4  | Found Waul's Assorted Antiques.
 35959 | Snake:4  | Bought a potion of brilliance for 124 gold pieces
 35997 | Snake:4  | Reached skill level 10 in Evocations
 36152 | Snake:4  | Noticed a quicksilver dragon
 36161 | Snake:4  | Killed a quicksilver dragon
 36529 | Snake:4  | Noticed a quicksilver dragon
 36534 | Snake:4  | Killed a quicksilver dragon
 36741 | Snake:4  | Got a serpentine rune of Zot
 36923 | Swamp:1  | Entered Level 1 of the Swamp
 36962 | Swamp:1  | Reached skill level 5 in Armour
 36964 | Swamp:1  | Noticed Donald
 36969 | Swamp:1  | Noticed Mlioglotl
 36972 | Swamp:1  | Killed Donald
 36978 | Swamp:1  | Killed Mlioglotl
 37498 | Swamp:2  | Reached XP level 19. HP: 110/155 MP: 0/0
 37498 | Swamp:2  | Learned a level 7 spell: Haunt
 38510 | Swamp:4  | Entered Level 4 of the Swamp
 38522 | Swamp:4  | Reached skill level 17 in Fighting
 38746 | Swamp:4  | Reached **** piety under Ashenzari
 38845 | Swamp:4  | Identified the +4 ring mail of the Swamp {rC+ Int+2 Stlth-}
 38878 | Swamp:4  | Identified the +1 robe of the Prince of Darkness {Drain
                  | Int-3 Dex+8 Archmagi}
 39093 | Swamp:4  | Got a decaying rune of Zot
 39691 | Elf:1    | Entered Level 1 of the Elven Halls
 40497 | Elf:1    | Reached skill level 10 in Shields
 40551 | Elf:1    | Reached XP level 20. HP: 159/166 MP: 0/0
 40704 | Elf:1    | Paralysed by an air elemental for 1 turns
 40708 | Elf:1    | Paralysed by an air elemental for 1 turns
 41961 | Elf:2    | Reached skill level 18 in Fighting
 42340 | Elf:2    | Reached skill level 15 in Spellcasting
 42610 | Elf:2    | Found a runed translucent gate.
 42611 | Elf:2    | Found a runed translucent gate.
 42611 | Elf:2    | Found a runed translucent gate.
 42645 | Elf:3    | Entered Level 3 of the Elven Halls
 42882 | Elf:3    | Noticed Nikola
 42943 | Elf:3    | Killed Nikola
 44296 | Elf:3    | Identified the +7 mace "Kiget" {flame, *Noise Will+ MP+9
                  | Str+2}
 44305 | Elf:3    | Identified the ring of Fuevischo {Fire rN+ Will+ Dex+4}
 44548 | Elf:3    | Reached skill level 10 in Stealth
 44591 | Elf:3    | Identified the ring "Niast" {Fire rPois Int+3}
 44611 | Elf:3    | Identified the +7 dagger "Spiderslayer" {protect, *Noise
                  | rC+ rN++ Dex+3}
 44622 | Elf:3    | Reached XP level 21. HP: 156/178 MP: 0/0
 44622 | Elf:3    | Learned a level 8 spell: Maxwell's Capacitive Coupling
 44881 | Elf:3    | Identified the +8 hand axe of the Everdark {antimagic,
                  | Int+4}
 45075 | Elf:3    | Identified the Secrets of the Chill
 45084 | Elf:3    | Found the +3 crown of Dyrovepreva {rElec Int+2 SInv}
 45085 | Elf:3    | Identified the +8 shortbow of Payxky Xojiu {freeze, Str+3
                  | Dex+5}
 45620 | D:13     | Found a gate to the Vaults.
 45621 | D:13     | Found the +11 plutonium sword {Contam Stlth-}
 45630 | Vaults:1 | Entered Level 1 of the Vaults
 45829 | Vaults:1 | Noticed Saint Roka
 45860 | Vaults:1 | Killed Saint Roka
 46629 | Vaults:1 | Reached skill level 19 in Fighting
 47094 | Vaults:2 | Reached skill level 10 in Dodging
 47399 | Vaults:2 | Reached XP level 22. HP: 168/182 MP: 0/0
 48822 | Vaults:3 | Found a staircase to the Crypt.
 48898 | Vaults:3 | Found Lisilin's Weapon Shoppe.
 48984 | Vaults:3 | Reached skill level 15 in Shields
 49009 | Vaults:3 | Found a magical portal.
 49035 | WizLab   | Entered The Roulette of Golubria
 49035 | WizLab   | Found a transporter.
 49040 | WizLab   | Identified the +1 cloak of Cajonuj {Fly rPois}
 49040 | WizLab   | Found a corrupted altar of Lugonu.
 49112 | WizLab   | Found a transporter.
 49112 | WizLab   | Found a transporter.
 49122 | WizLab   | Found a transporter.
 49122 | WizLab   | Found a transporter.
 49134 | WizLab   | Found a corrupted altar of Lugonu.
 49155 | WizLab   | Found a transporter.
 49155 | WizLab   | Found a transporter.
 49202 | WizLab   | Found a transporter.
 49202 | WizLab   | Found a transporter.
 49226 | WizLab   | Found a transporter.
 49226 | WizLab   | Found a transporter.
 49285 | WizLab   | Found the +1 cloak of Starlight {*Dazzle EV+4 Stlth--}
 49285 | WizLab   | Identified the +0 cloak of the Slightly Bent {rElec}
 49287 | WizLab   | Found a transporter.
 49289 | WizLab   | Identified the +0 cloak of Xuneafum {rCorr Str+2}
 49290 | WizLab   | Found a transporter.
 49290 | WizLab   | Found a transporter.
 49356 | WizLab   | Found a transporter.
 49356 | WizLab   | Found a transporter.
 49397 | WizLab   | Found a transporter.
 49397 | WizLab   | Found a transporter.
 49641 | WizLab   | Found a transporter.
 49649 | WizLab   | Identified Sif Muna's Guide on the Wayfarer
 49790 | WizLab   | Found a transporter.
 50123 | Vaults:3 | Noticed Boris
 50196 | Vaults:3 | Killed Boris
 50878 | Vaults:4 | Found a crumbling gateway.
 50883 | Desolati | Entered the Desolation of Salt
 51794 | Desolati | Identified the ring of the Shrike {Fire +Blink}
 51799 | Desolati | Identified the Incunable of the Countless Nightmares
 52402 | Desolati | Identified the Tractate on Airy Shapes
 52452 | Desolati | Identified the Disquisition on the Storm and the Salvo
 52452 | Desolati | Identified the ring "Naat Otao" {Ice rN++}
 52578 | Desolati | Identified Sujyhini's Encyclopedia of Distorted Rime
 52578 | Desolati | Found the +1 robe of Vines {NoPotionHeal Regen++++}
 52579 | Desolati | Identified the +4 short sword of Arrival {venom, rCorr
                  | Str+4}
 52729 | Vaults:4 | Reached XP level 23. HP: 176/190 MP: 0/0
 52729 | Vaults:4 | Learned a level 7 spell: Monstrous Menagerie
 53168 | Vaults:4 | Noticed Zenata
 53174 | Vaults:4 | Killed Zenata
 53344 | Vaults:4 | Reached skill level 20 in Fighting
 53694 | Vaults:4 | Noticed Xtahua
 53698 | Vaults:4 | Killed Xtahua
 54617 | Depths:1 | Entered Level 1 of the Depths
 54777 | Depths:1 | Found a gateway to Hell.
 55106 | Depths:1 | Found a one-way gate to the infinite horrors of the Abyss.
 55516 | Depths:2 | Reached XP level 24. HP: 179/199 MP: 0/0
 55543 | Depths:2 | Noticed Asterion
 55549 | Depths:2 | Noticed Mara
 55560 | Depths:2 | Killed Asterion
 55566 | Depths:2 | Noticed ragingrage's illusion
 55652 | Depths:2 | Killed Mara
 55807 | Depths:2 | Identified the +9 ring mail of Gasche Xuti {rPois rC++
                  | Regen+}
 55815 | Depths:2 | Found a shadowy altar of Dithmenos.
 56334 | Depths:2 | Identified the +0 leather armour "Kakeamugakk" {rN+ rCorr}
 56593 | Depths:2 | Found a one-way gate leading to the halls of Pandemonium.
 57179 | Depths:2 | Noticed a golden dragon
 57188 | Depths:2 | Killed a golden dragon
 57216 | Depths:2 | Identified the ring "Docan" {Ice Int+2}
 57216 | Depths:2 | Noticed Josephina
 57221 | Depths:2 | Killed Josephina
 57497 | Depths:2 | Identified the +4 battleaxe of Zin's Supremacy {heavy,
                  | *Slow Int+4 Stlth+}
 57774 | Depths:2 | Identified the +8 shortbow of Yqiwesch {flame, rN+ Int+4
                  | Dex+4}
 57774 | Depths:2 | Identified the +8 battleaxe "Juffaax" {speed, Dex+5}
 57955 | Depths:2 | Found a burning altar of Makhleb.
 58230 | Depths:3 | Identified the +9 long sword "Kiumett" {heavy, Stlth+}
 58253 | Depths:3 | Noticed a golden dragon
 58253 | Depths:3 | Noticed a golden dragon
 58289 | Depths:3 | Killed a golden dragon
 58300 | Depths:3 | Identified the +5 halberd of Dishonour {pain, rF+}
 58702 | Depths:2 | Killed a golden dragon
 58703 | Depths:2 | Reached skill level 21 in Fighting
 59229 | Depths:3 | Found Fasaweon's General Store.
 59562 | Depths:4 | Entered Level 4 of the Depths
 59573 | Depths:4 | Reached XP level 25. HP: 171/204 MP: 0/0
 59573 | Depths:4 | Learned a level 8 spell: Necromutation
 60529 | Vaults:3 | Bought the +0 falchion "Wam Fousch" {heavy, rElec Int+8}
                  | for 506 gold pieces
 60999 | Depths:4 | Noticed a juggernaut
 61006 | Depths:4 | Killed a juggernaut
 61760 | Depths:4 | Found a gate to the Realm of Zot.
 61826 | Depths:4 | Noticed an ancient lich
 61830 | Depths:4 | Killed an ancient lich
 61835 | Depths:4 | Found a one-way gateway to a ziggurat.
 62494 | Slime:1  | Entered Level 1 of the Pits of Slime
 64093 | Slime:3  | Noticed Dissolution
 64100 | Slime:3  | Killed Dissolution
 64264 | Slime:3  | Found a viscous altar of Jiyva.
 64697 | Slime:5  | Entered Level 5 of the Pits of Slime
 64788 | Slime:5  | Noticed the Royal Jelly
 64795 | Slime:5  | Killed the Royal Jelly
 64989 | Slime:5  | Reached XP level 26. HP: 204/213 MP: 0/0
 65004 | Slime:5  | Identified Sif Muna's Notes on Ill Luck
 65004 | Slime:5  | Identified the +2 robe "Dassaxzo" {+Blink Slay-5 SInv}
 65005 | Slime:5  | Identified the +9 dagger of Kismet {spect, Str+3 Dex+2}
 65011 | Slime:5  | Got a slimy rune of Zot
 65020 | Slime:5  | Identified the +4 scale mail of the Sun {+Inv Dex+4}
 65508 | Zot:1    | Entered Level 1 of the Realm of Zot
 67317 | Zot:2    | Noticed Parghit
 67325 | Zot:2    | Killed Parghit
 67476 | Zot:2    | Reached ***** piety under Ashenzari
 67509 | Zot:2    | Reached skill level 15 in Evocations
 69083 | Zot:3    | Reached skill level 1 in Polearms
 69096 | Zot:3    | Noticed a curse toe
 69098 | Zot:3    | Killed a curse toe
 69099 | Zot:3    | Reached skill level 15 in Dodging
 69429 | Zot:3    | Noticed a Killer Klown
 69434 | Zot:3    | Killed a Killer Klown
 70793 | Zot:3    | Reached XP level 27. HP: 199/228 MP: 0/0
 70793 | Zot:3    | Learned a level 9 spell: Dragon's Call
 70858 | Zot:4    | Found the +4 dragonskin cloak
 70858 | Zot:4    | Noticed Tiamat
 70870 | Zot:4    | Killed Tiamat
 70975 | Zot:4    | Noticed a Killer Klown
 71129 | Zot:4    | Killed a Killer Klown
 71133 | Zot:4    | Noticed an orb of fire
 71136 | Zot:4    | Killed an orb of fire
 71438 | Zot:4    | Reached skill level 5 in Polearms
 71529 | Zot:4    | Identified the +9 hand axe "Ireantez" {drain, Contam rPois
                  | rF++}
 71542 | Zot:4    | Identified Icienopy's Encyclopedia of The Black Sun
 71839 | Zot:5    | Entered Level 5 of the Realm of Zot
 72362 | Zot:5    | Identified the +12 halberd "Laon" {holy, Int-5 Dex+6}
 72485 | Zot:5    | Noticed an orb of fire
 72489 | Zot:5    | Noticed an ancient lich
 72493 | Zot:5    | Noticed a Killer Klown
 72498 | Zot:5    | Killed a Killer Klown
 72502 | Zot:5    | Killed an orb of fire
 72513 | Zot:5    | Killed an ancient lich
 72532 | Zot:5    | Noticed an orb of fire
 72533 | Zot:5    | Killed an orb of fire
 72778 | Zot:5    | Noticed an orb of fire
 72781 | Zot:5    | Killed an orb of fire
 72856 | Zot:5    | Noticed a Killer Klown
 72866 | Zot:5    | Killed a Killer Klown
 73043 | Zot:5    | Noticed a Killer Klown
 73043 | Zot:5    | Killed a Killer Klown
 73058 | Zot:5    | Noticed a Killer Klown
 73062 | Zot:5    | Noticed an orb of fire
 73064 | Zot:5    | Noticed a Killer Klown
 73064 | Zot:5    | Killed a Killer Klown
 73067 | Zot:5    | Noticed a dread lich
 73068 | Zot:5    | Killed a Killer Klown
 73076 | Zot:5    | Killed an orb of fire
 73096 | Zot:5    | Noticed a dread lich
 73098 | Zot:5    | Noticed a Killer Klown
 73098 | Zot:5    | Noticed a Killer Klown
 73102 | Zot:5    | Noticed a Killer Klown
 73113 | Zot:5    | Killed a Killer Klown
 73143 | Zot:5    | Killed a dread lich
 73148 | Zot:5    | Killed a dread lich
 73365 | Zot:5    | Killed a Killer Klown
 73405 | Zot:5    | Killed a Killer Klown
 73436 | Zot:5    | Noticed a Killer Klown
 73440 | Zot:5    | Killed a Killer Klown
 73451 | Zot:5    | Noticed an orb of fire
 73457 | Zot:5    | Killed an orb of fire
 74105 | D:10     | Killed yumyumyeen's ghost
 74107 | D:10     | Reached skill level 10 in Polearms
 74721 | Elf:2    | Upgraded the game from 0.30-a0-622-gddc90eaa04 to
                  | 0.30-a0-626-gd6a5dd7a1f
 75251 | Zot:5    | Got the Orb of Zot
 75850 | D:$      | Escaped with the Orb!

Illustrated notes

Levels and vault maps discovered:
D:1:      amcnicky_arrival_abandoned_market, layout_basic,
          ebering_ecumenical_altar_petrified, minmay_misc_feat_room,
          hangedman_abyss_or_decor_stabs, hangedman_decor_push, minmay_domino_4
D:2:      layout_basic, minmay_misc_feat_rows
D:3:      layout_basic, minivault_23, corexii_hall_statues_s,
          kennysheep_big_empty_room, grunt_ministairs_13
D:4:      layout_loops_ring, nicolae_overflow_hallway_of_the_gods,
          kennysheep_generic_room_4, uniq_grinder, uniq_eustachio, uniq_robin
D:5:      layout_basic, minmay_temple_entry_overgrown, dk_noncrumbling_2,
          minmay_misc_feat_cross
D:6:      layout_layer_cave, xom_teletrap_fun, chequers_serial_rivers_small_b
D:7:      layout_loops_corners, nicolae_ossuary_entry_ruins, skrybe_limestone_x,
          minmay_a_box_with_orc_wizards_in_it
D:8:      layout_basic, serial_shops, shop_fountains, nicolae_titane, uniq_erica
D:9:      layout_long_grid, nzn_wu_jian_contemplation, minmay_lair_entry_grove,
          hive_lemuel, uniq_grum, uniq_gastronok
D:10:     layout_long_grid, lemuel_mausoleum_altar_kikubaaqudgha,
          mainiacjoe_overflow_alcove_2, enter_bailey_4,
          muffindrake_ghost_dual_entry, uniq_snorg, uniq_nergalle
D:11:     layout_long_grid, serial_co_window_serial, co_window_paths_a,
          co_window_corner_a, co_window_corner_a, co_window_corner_a,
          co_window_paths_b, co_window_of_opportunity_b, co_window_cross_4,
          co_window_broadway_c, co_window_corner_b, co_window_unsneaky_path_b,
          glass_columns_c, glass_columns_c, glass_columns_a, glass_columns_b,
          glass_columns_a, uniq_harold
D:12:     layout_roguey, erik_orc_2, uniq_fannar
D:13:     layout_irregular_city, david_vaults_4
D:14:     layout_roguey, uniq_agnes
D:15:     grunt_enter_depths_snipers, layout_gridville,
          portal_ice_cave_entry_ugly_swarm, minmay_fractal_squares_diagonal_5
Temple:   jpeg_temple_alley_garden
Lair:1:   layout_long_grid, serial_bayou_crossing, grunt_megastairs_3
Lair:2:   layout_regular_city, swamp_mist, minmay_snake_entry_spellcaster
Lair:3:   layout_hall_layers, infiniplex_staircase_pool
Lair:4:   layout_layer_cave
Lair:5:   wormcave, layout_cellular_growth, hangedman_lair_caniforms_friends,
          nicolae_slime_entry_field_trip, lemuel_fruit_tree
Swamp:1:  layout_falls_marsh, hangedman_swamp_diagram, uniq_mlioglotl,
          uniq_donald
Swamp:2:  layout_basic_swamp, evilmike_swamp_ruin_house_4, swamp_pool1
Swamp:3:  layout_basic_swamp, evilmike_swamp_ruin_house_2
Swamp:4:  swamp, layout_basic_swamp, swamp_pool5
Snake:1:  layout_gridlike, drop_trap, minmay_shop_mayhem, uniq_aizul
Snake:2:  layout_cave_shapes, serial_shops, shop, shop
Snake:3:  nicolae_snake_crotalidae_crossing, layout_grid_shapes
Snake:4:  hellmonk_snake_rune_quicksilver_temple, layout_chambers, serial_shops,
          nicolae_shop_overgrown_old_shop, grunt_megastairs_5
Slime:1:  cheibrodos_slime_lost_civilization_3, layout_caves
Slime:2:  layout_caves
Slime:3:  layout_caves, basic_altar, dissolution_awaits
Slime:4:  layout_caves, amcnicky_altar_lugonu_corruption
Slime:5
Orc:1:    layout_caves
Orc:2:    st_orc_pillars, layout_diamond_mine, nicolae_volcano_entry_hallway,
          mines2_lemuel, uniq_jorgrun
Elf:1:    layout_onion_city, hangedman_elven_crosses_minicolossus
Elf:2:    nicolae_elf_blades_crystal_corner, layout_gridlike
Elf:3:    minmay_elf_hall_statues, layout_geoelf_grid, minivault_16, uniq_nikola
Vaults:1: nicolae_vaults_network_barrier, nicolae_vaults_circle_grid_a,
          v_misc_2, v_misc_18, v_rooms_4, v_rooms_5, hangedman_vaults_corner,
          vaults_dpeg_encased_lava, nicolae_vaults_diagonal_hallway_7,
          ontoclasm_vaults_claustrophobia, ontoclasm_vaults_loading_screen,
          nicolae_vaults_little_squares_5, nicolae_vaults_little_squares_3,
          layout_vaults_omnibox, uniq_saint_roka
Vaults:2: ontoclasm_vaults_loading_screen, v_rooms_1, nicolae_vaults_asterisk,
          special_room_vaults [special_room_orc],
          nicolae_vaults_network_quinsquares
          [nicolae_vaults_network_quincunx_subvault,
          nicolae_vaults_network_quincunx_subvault,
          nicolae_vaults_network_quincunx_subvault,
          nicolae_vaults_network_quincunx_subvault], ontoclasm_vaults_spin,
          nicolae_vaults_little_squares_6, vaults_dpeg_ring,
          vaults_dpeg_emergency_exit, nicolae_vaults_diagonal_hallway_8,
          layout_vaults_omnigrid
Vaults:3: lightli_enter_wizlab_magi_temple, minmay_crypt_entry_simple_sparse,
          nicolae_vaults_bisected_inception, ontoclasm_vaults_twist,
          v_alt_pattern_3, vaults_room_semicircle, nicolae_vaults_triangles,
          v_misc_8, nicolae_vaults_theta, ontoclasm_vaults_loading_screen,
          layout_vaults_big_cross, serial_shops,
          nicolae_shop_bloodbath_and_beyond, uniq_boris
Vaults:4: portal_desolation_entry_ruin, v_rooms_2, nicolae_vaults_back_hallway,
          nicolae_vaults_circle_grid_a, hangedman_vaults_cutoff, v_rooms_6,
          vaults_room_pool, vaults_standard_mumra_enter_the_diamond,
          v_alt_pattern_2, v_pattern_2, ontoclasm_vaults_shout,
          layout_vaults_ring, uniq_zenata, uniq_xtahua
Depths:1: layout_big_octagon, hangedman_coc_ice_floe, abyss_entry,
          hangedman_decor_growths, serial_rivers,
          chequers_serial_rivers_micro_d, chequers_serial_rivers_micro_b,
          chequers_serial_rivers_large_b, chequers_serial_rivers_micro_e,
          chequers_serial_rivers_large_a, chequers_serial_rivers_micro_a,
          evilmike_butchery
Depths:2: minmay_rotating_shell, layout_gridlike, rand_demon_pan_entry_5,
          nicolae_dithmenos_shadow_blocks, grunt_mini_vestibule,
          makhleb_altar_promises_db, uniq_mara, uniq_josephina, uniq_asterion
Depths:3: minmay_the_grid_triangle_9x9_recursive_2
          [minmay_the_grid_triangle_9x9_prize_top_heavy,
          minmay_the_grid_triangle_9x9_pentomino_pain,
          minmay_the_grid_triangle_9x9_wacky_v,
          minmay_the_grid_triangle_9x9_checkered], layout_cave_pools,
          serial_shops, shop_fountains, serial_sigils_hangedman_writhe,
          hell_entry, abyss_entry, minmay_staircase_statues_hall_small
Depths:4: evilmike_zot_entry_diamond, layout_basic, enter_ziggurat_c,
          hell_entry, serial_glass, glass_columns_b, glass_columns_b,
          glass_columns_c, glass_columns_b, glass_columns_a, glass_columns_a,
          chequers_serial_rivers_room_a, serial_bayou_shore_b
Zot:1:    layout_cathedral_of_symmetry, grunt_megastairs_4
Zot:2:    layout_misc_corridors, uniq_parghit
Zot:3:    kennysheep_ambush_hall, layout_basic
Zot:4:    dreamdust_black_sun_cult, layout_basic, uniq_tiamat
Zot:5:    layout_gridlike, skrybe_zot_glass_1

Skill      XL: |  1  2  3  4  5  6  7  8  9 10 11 12 13 14 15 16 17 18 19 20 21 22 23 24 25 26 27 |
---------------+----------------------------------------------------------------------------------+-----
Long Blades    | 2 3 4 5 6 |  6.1
Spellcasting   | 1 2 3 4 5 6 7 9 10 11 12 13 14 15 16 17 18 19 | 19.2
Short Blades   | 2 3 5 7 9 11 12 | 12.0
Stealth        | 2 3 5 7 8 9 10 11 12 13 | 13.6
Fighting       | 4 6 7 10 11 13 14 15 16 17 18 19 20 21 | 21.7
Shields        | 4 5 6 7 10 12 14 16 17 18 | 18.8
Armour         | 4 5 6 7 8 9 |  9.6
Dodging        | 3 5 6 7 8 10 11 12 13 14 15 16 | 16.7
Evocations     | 4 5 6 8 10 11 12 13 14 15 | 15.8
Polearms       | 3 10 | 10.9

Action                   |  1- 3 |  4- 6 |  7- 9 | 10-12 | 13-15 | 16-18 | 19-21 | 22-24 | 25-27 || total
-------------------------+-------+-------+-------+-------+-------+-------+-------+-------+-------++-------
Melee: Long sword        |    74 |   145 |       |       |       |       |       |       |       ||   219
       Short sword       |       |   114 |   419 |   456 |    12 |       |       |       |       ||  1001
       Dagger            |       |       |   145 |    15 |       |       |       |       |       ||   160
       Unarmed           |       |       |     7 |       |       |       |       |       |       ||     7
       Falchion          |       |       |       |     9 |       |       |       |       |    61 ||    70
       Rapier            |       |       |       |       |   514 |   356 |   190 |   380 |    17 ||  1457
       Demon trident     |       |       |       |       |       |       |       |       |    89 ||    89
 Fire: Sling             |     5 |     5 |       |       |       |       |       |       |       ||    10
Throw: Boomerang         |       |       |     1 |       |       |       |       |       |       ||     1
       Dart              |       |       |       |       |     2 |     1 |       |       |       ||     3
 Cast: Mephitic Cloud    |       |       |     5 |    51 |    29 |     6 |     1 |     1 |       ||    93
       Summon Small Mamm |       |       |     3 |     2 |     1 |       |       |       |     1 ||     7
       Summon Lightning  |       |       |       |    46 |    90 |    77 |     3 |       |     4 ||   220
       Summon Mana Viper |       |       |       |    22 |    83 |   107 |     6 |     2 |     5 ||   225
       Metabolic Englaci |       |       |       |       |    92 |    58 |     6 |     3 |     5 ||   164
       Death Channel     |       |       |       |       |    14 |    50 |    39 |    46 |    65 ||   214
       Static Discharge  |       |       |       |       |     1 |     1 |       |     1 |       ||     3
       Orb of Destructio |       |       |       |       |       |    86 |   160 |    16 |     1 ||   263
       Haunt             |       |       |       |       |       |       |   191 |   210 |    98 ||   499
       Maxwell's Capacit |       |       |       |       |       |       |     5 |   102 |   212 ||   319
       Monstrous Menager |       |       |       |       |       |       |       |    26 |    17 ||    43
       Necromutation     |       |       |       |       |       |       |       |       |    67 ||    67
       Dragon's Call     |       |       |       |       |       |       |       |       |    25 ||    25
Invok: Curse Item        |       |       |       |     2 |     2 |     1 |     2 |       |     6 ||    13
       Shatter the Chain |       |       |       |       |       |       |     2 |     1 |     2 ||     5
Evoke: Wand              |       |       |     4 |       |     1 |     5 |       |     2 |     2 ||    14
       Box of beasts     |       |       |       |       |       |     1 |       |     1 |     1 ||     3
       Phial of floods   |       |       |       |       |       |     1 |       |       |       ||     1
       Phantom mirror    |       |       |       |       |       |     3 |       |       |       ||     3
       Tin of tremorston |       |       |       |       |       |       |       |     2 |     3 ||     5
  Use: Scroll            |       |     2 |     4 |     2 |     2 |     6 |     1 |     1 |    10 ||    28
       Potion            |       |       |     6 |     1 |       |     2 |       |     3 |     3 ||    15
 Stab: Distracted        |       |     1 |     1 |     3 |    20 |    16 |     8 |    17 |     8 ||    74
       Confused          |       |       |     5 |    26 |    25 |     7 |     1 |     1 |       ||    65
       Sleeping          |       |       |       |     5 |     7 |     5 |     1 |    11 |     1 ||    30
       Petrified         |       |       |       |       |     2 |       |       |       |       ||     2
       Betrayed ally     |       |       |       |       |     1 |       |       |       |       ||     1
       Paralysed         |       |       |       |       |       |       |       |     2 |     1 ||     3
Armor: Scale mail        |    46 |    85 |   148 |    43 |       |       |       |       |       ||   322
       Skin              |       |       |     4 |       |       |       |       |       |       ||     4
       Ring mail         |       |       |       |    34 |       |       |       |    46 |   178 ||   258
       Acid dragon scale |       |       |       |    10 |       |       |       |       |       ||    10
       Troll leather arm |       |       |       |     6 |    64 |    84 |    28 |    62 |       ||   244
Dodge: Dodged            |    27 |    85 |   121 |   109 |   114 |   161 |    54 |   160 |   237 ||  1068
Block: Buckler           |    15 |    69 |   190 |   156 |   168 |   174 |    16 |       |       ||   788
       Reflection        |       |       |     4 |     9 |    13 |    34 |    43 |    22 |    11 ||   136
       Kite shield       |       |       |       |       |       |       |   182 |   510 |   423 ||  1115

Table legend: (Time is in decaauts)
 A = Elapsed time spent in this place.
 B = Non-inter-level travel time spent in this place.
 C = Inter-level travel time spent in this place.
 D = Time resting spent in this place.
 E = Time spent auto-exploring this place.
 F = Levels seen in this place.
 G = Mean time per level.
                   A        B        C        D        E       F      G
               +--------+--------+--------+--------+--------+-----+--------+
         Total |  75006 |  65957 |   9049 |  17918 |  31030 |  58 | 1293.2 |
       Dungeon |  21639 |  17753 |   3886 |   4201 |   9498 |  15 | 1442.6 |
        Temple |    394 |    359 |     35 |    169 |    170 |   1 |  394.0 |
          Lair |   6518 |   5828 |    690 |    870 |   3747 |   5 | 1303.6 |
         Swamp |   2337 |   2211 |    126 |    128 |   1403 |   4 |  584.2 |
     Snake Pit |   4513 |   4265 |    248 |    501 |   2348 |   4 | 1128.2 |
    Slime Pits |   1941 |   1804 |    137 |    842 |    466 |   5 |  388.2 |
  Orcish Mines |   1761 |   1375 |    386 |    211 |    648 |   2 |  880.5 |
   Elven Halls |   5855 |   5449 |    406 |   1888 |   2234 |   3 | 1951.7 |
        Vaults |   7061 |   5675 |   1386 |    330 |   3612 |   4 | 1765.2 |
        Depths |   7543 |   6435 |   1108 |   2197 |   2496 |   4 | 1885.8 |
           Zot |   7700 |   7063 |    637 |   1969 |   3346 |   5 | 1540.0 |
       Ossuary |    252 |    252 |      0 |     22 |     73 |   1 |  252.0 |
        Bailey |    562 |    562 |      0 |    282 |     79 |   1 |  562.0 |
      Ice Cave |   4093 |   4093 |      0 |   3050 |    343 |   1 | 4093.0 |
       Volcano |    294 |    294 |      0 |      0 |    134 |   1 |  294.0 |
        Wizlab |    766 |    766 |      0 |    119 |    244 |   1 |  766.0 |
    Desolation |   1770 |   1770 |      0 |   1139 |    189 |   1 | 1770.0 |
               +--------+--------+--------+--------+--------+-----+--------+

Top non-repeatable levels by time:
   IceCv: 4093 daAuts
Depths:2: 3237 daAuts
   Elf:3: 2646 daAuts
     D:9: 2324 daAuts
   Zot:3: 2206 daAuts
    D:10: 2202 daAuts
  Lair:5: 2143 daAuts
     D:4: 2062 daAuts
   Zot:5: 2032 daAuts
     D:5: 2020 daAuts
Vaults:2: 2017 daAuts
    D:15: 1974 daAuts
   Elf:1: 1936 daAuts
   Zot:1: 1916 daAuts
Vaults:1: 1770 daAuts
